 Dungeon Crawl Stone Soup version 0.30.1-3-gfc49f6343a (webtiles) character file.

Game seed: 11612655238742823607

277 spardeous the Digger (level 5, -6/38 HPs)
             Began as a Demigod Earth Elementalist on July 21, 2023.
             Mangled by an orc
             ... wielding a +0 trident
              (8 damage)
             ... on level 3 of the Dungeon.
             The game lasted 00:02:13 (2294 turns).

spardeous the Digger (Demigod Earth Elementalist)   Turns: 2294, Time: 00:02:13

Health: -6/38      AC:  2    Str:  9    XL:     5   Next: 74%
Magic:  5/10       EV: 12    Int: 21    God:
Gold:   152        SH:  0    Dex: 14    Spells: 3/7 levels left

rFire   . . .        (no weapon)
rCold   . . .        (no shield)
rNeg    . . .        a - +0 robe
rPois   .            (no helmet)
rElec   .            (no cloak)
rCorr   .            (no gloves)
SInv    .            (no boots)
Will    .....        (no amulet)
Stlth   ++           (no ring)
HPRegen 0.26/turn    (no ring)
MPRegen 0.12/turn

%: no passive effects
@: invisible
A: high MP 1, forlorn, divine attributes
a: no special abilities


You were on level 3 of the Dungeon.
You visited 1 branch of the dungeon, and saw 3 of its levels.

You collected 152 gold pieces.

Inventory:

Armour
 a - a +0 robe (worn)
Jewellery
 h - an amulet of the acrobat
Scrolls
 d - a scroll of fog {unknown}
 e - a scroll of teleportation {unknown}
 g - 4 scrolls of identify {unknown}
 i - a scroll of poison {unknown}
 k - a scroll of enchant weapon {unknown}
 m - a scroll of immolation {unknown}
Potions
 b - a potion of magic
 c - a potion of invisibility
 f - a potion of resistance {unknown}
 j - a potion of ambrosia {unknown}
 l - 2 potions of brilliance {unknown}
 n - a potion of degeneration {unknown}


   Skills:
 - Level 1.7 Dodging
 - Level 1.7 Stealth
 - Level 1.7 Spellcasting
 - Level 0.8 Transmutations
 + Level 6.2 Earth Magic


You had 3 spell levels left.
You knew the following spells:

 Your Spells              Type           Power      Damage    Failure   Level
a - Sandblast             Erth           56%        2d13      1%          1
b - Stone Arrow           Conj/Erth      28%        3d8       13%         3

Your spell library contained the following spells:

 Spells                   Type           Power      Damage    Failure   Level
 Passwall                 Tmut/Erth      13%        N/A       5%          2
 Petrify                  Tmut/Erth      16%        N/A       34%         4
 Borgnjor's Revivificati  Necr           0%         N/A       100%        8
 Necromutation            Tmut/Necr      1%         N/A       100%        8
 Death's Door             Necr           0%         N/A       100%        9


Dungeon Overview and Level Annotations

Branches:
Dungeon (3/15)


Innate Abilities, Weirdness & Mutations

You have an increased reservoir of magic. (+10% MP)
You shall have no god before yourself.
Your divine heritage dramatically boosts your attributes as you level up.


Message History

The adder hisses angrily.
Grinder hits you!
You writhe in agony.
Casting: Sandblast (safe; 2% risk of failure)
Confirm with . or Enter, or press ? or * to list all spells.
Aiming: Sandblast (safe; 2% risk of failure)
Press: ? - help, Shift-Dir - straight line, f/p - Grinder
Aim: Grinder, carrying a wand of digging (3) (severely wounded, 81% to hit)
The blast of sand hits Grinder!
Grinder is almost dead.
Grinder gestures at you.
You suddenly lose the ability to move!
Grinder gestures at you. Pain shoots through your body! Grinder hits you!
* * * LOW HITPOINT WARNING * * *
You writhe in agony.
* * * LOW HITPOINT WARNING * * *
You can move again.
Sorry, you're not good enough to have a special ability.
Casting: Sandblast (safe; 2% risk of failure)
Confirm with . or Enter, or press ? or * to list all spells.
Aiming: Sandblast (safe; 2% risk of failure)
Press: ? - help, Shift-Dir - straight line, f/p - Grinder
Aim: Grinder, carrying a wand of digging (3) (almost dead, 81% to hit)
The blast of sand hits Grinder!
You kill Grinder!
The adder barely misses you.
Your Earth Magic skill gained 2 levels and is now at level 6!
You have reached level 5!
Okay, then.
Casting: Sandblast (safe; 1% risk of failure)
Confirm with . or Enter, or press ? or * to list all spells.
Aiming: Sandblast (safe; 1% risk of failure)
Press: ? - help, Shift-Dir - straight line, f - adder
Aim: an adder (72% to hit)
Okay, then.
It was a potion of invisibility.
You fade into invisibility!
The orc hits you from afar with a +0 trident!
You die...

#.........#...........
#.........###.##..###.
#.##...# #...#..# #
###.#...>.#
#.#####.#.##.###
#.......#.......
#.#####.#....#..
#.......@So.....
#######.#/...#..
#.#....... #.#....#..
#.#....... #.#.......
#.#....... #.#.......


You could see an adder (unable to see you) and an orc (unable to see you).

Vanquished Creatures
  Grinder (D:3)
  2 adders (D:3)
  A worm (D:3)
  2 dart slugs
  5 orcs (D:3)
  6 ball pythons
  5 bats
  7 endoplasms
  A giant cockroach (D:2)
  3 hobgoblins
  6 jackals
  2 quokkas
  2 frilled lizards
  2 goblins
  6 kobolds
  4 rats
55 creatures vanquished.

Notes
Turn   | Place    | Note
-------+----------+-------------------------------------------
     0 | D:1      | spardeous the Demigod Earth Elementalist began the quest
                  | for the Orb.
     0 | D:1      | Reached XP level 1. HP: 14/14 MP: 5/5
   126 | D:1      | Reached skill level 3 in Earth Magic
   390 | D:1      | Reached XP level 2. HP: 17/20 MP: 4/7
  1743 | D:3      | Reached XP level 3. HP: 26/26 MP: 6/8
  1795 | D:3      | Learned a level 3 spell: Stone Arrow
  1799 | D:3      | Reached skill level 4 in Earth Magic
  2182 | D:3      | Reached XP level 4. HP: 33/33 MP: 7/9
  2288 | D:3      | Noticed Grinder
  2291 | D:3      | Paralysed by Grinder for 2 turns
  2292 | D:3      | HP: 1/33 [Grinder (4)]
  2293 | D:3      | Killed Grinder
  2294 | D:3      | Reached skill level 6 in Earth Magic
  2294 | D:3      | Reached XP level 5. HP: 2/38 MP: 5/10
  2294 | D:3      | Mangled by an orc

Illustrated notes

Levels and vault maps discovered:
D:1:      dpeg_arrival_boxorama, layout_loops_ring
D:2:      layout_loops_ring, basic_altar
D:3:      layout_basic, uniq_grinder

Skill      XL: |  1  2  3  4 |
---------------+-------------+-----
Earth Magic    | 3 4 6 |  6.2
Dodging        | |  1.7
Stealth        | |  1.7
Spellcasting   | |  1.7
Transmutations | |  0.8

Action                     |  1- 3 |  4- 6 || total
---------------------------+-------+-------++-------
  Melee: Unarmed           |     1 |       ||     1
   Cast: Sandblast         |    71 |     9 ||    80
    Use: Potion            |       |     1 ||     1
 Armour: Robe              |     5 |       ||     5
  Dodge: Dodged            |    23 |     1 ||    24
